Map: Frost LE

Players

BurkAwesome

  • Race: Zerg Zerg
  • League: Platinum
  • Spawn Location: 7:00

dirak - Winner!

  • Race: Zerg Zerg
  • League: Gold
  • Spawn Location: 11:00

VOD

Have the link to the VOD?

Description

Time

  • Played on: May 23, 2016, 4:48 p.m.
  • Length: 9:57
Show
View Real Time Build Order
Export as new Build Order

BurkAwesome Zerg 

Build Orders: Hatch First 

Get SALT Encoding   

  12  0:01  Drone  
  13  0:08  Drone  
  14  0:17  Overlord  
  14  0:21  Extractor  
  14  0:24  Drone  
  15  0:48  Hatchery  
  14  0:50  Drone  
  15  1:02  Extractor  
  14  1:07  Spawning Pool  
  13  1:11  Drone  
  13  1:16  Drone  
  15  1:19  Drone  
  15  1:22  Drone  
  17  1:34  Drone  
  18  1:44  Drone  
  19  2:01  Queen  
  19  2:02  Queen  
  19  2:04  Zergling x2  
  19  2:06  Zergling x4  
  26  2:12  Metabolic Boost  
  26  2:17  Drone  
  28  2:22  Drone  
  28  2:27  Overlord  
  28  2:33  Overlord  
  28  2:57  Drone x5  
  33  3:27  Baneling Nest  
  33  3:30  Queen  
  34  3:35  Drone x4  
  34  3:37  Zergling x6, Drone  
  42  4:10  Baneling  
  42  4:11  Baneling x2  
  42  4:29  Roach Warren, Drone x2  
  42  4:30  Drone  
  44  4:32  Overlord x2  
  44  4:50  Lair  
  44  4:52  Extractor  
  44  4:55  Drone x5  
  44  4:59  Zergling x2  
  49  5:00  Zergling x12  
  54  5:15  Baneling  
  54  5:17  Baneling x3  
  53  5:37  Hatchery  
  52  6:13  Glial Reconstitution  
  52  6:15  Roach x3  
  52  6:17  Overlord x3  
  52  6:18  Overlord  
  58  6:32  Spine Crawler x2  
  56  6:35  Roach  
  56  6:36  Roach x5, Spine Crawler  
  58  6:50  Roach x5  
  58  6:51  Roach  
  56  7:19  Roach x4  
  56  7:20  Roach x7  
  78  7:40  Queen  
  74  8:11  Spore Crawler  
  73  8:13  Spore Crawler  
  73  8:14  Spore Crawler  
  73  8:17  Spore Crawler  
  73  8:19  Spore Crawler  
  69  8:22  Spore Crawler  
  68  8:27  Hydralisk Den  
  66  8:59  Hydralisk x2  
  66  9:00  Hydralisk x7  
Show
View Real Time Build Order
Export as new Build Order

dirak Zerg - Winner!

Build Orders: Hatch First 

Get SALT Encoding   

  12  0:01  Drone  
  13  0:12  Overlord  
  13  0:18  Drone  
  14  0:31  Drone  
  14  0:32  Drone  
  14  0:34  Drone  
  17  0:49  Drone  
  18  0:58  Hatchery  
  18  1:04  Extractor, Drone  
  17  1:18  Spawning Pool, Drone  
  16  1:22  Drone  
  18  1:28  Drone  
  19  1:38  Overlord  
  19  1:50  Drone  
  20  2:11  Baneling Nest  
  20  2:12  Zergling x4  
  20  2:13  Zergling x2, Queen  
  20  2:14  Queen  
  27  2:22  Drone  
  27  2:23  Drone  
  28  2:32  Metabolic Boost  
  28  2:36  Drone x2  
  30  2:43  Drone  
  31  2:53  Drone x2  
  31  2:54  Overlord  
  33  3:01  Baneling x2  
  33  3:15  Drone  
  33  3:16  Drone x2  
  36  3:27  Drone x3  
  36  3:28  Drone x4  
  36  3:31  Overlord  
  36  3:32  Overlord  
  43  3:38  Roach Warren  
  42  3:46  Drone  
  42  3:48  Extractor  
  42  3:49  Extractor  
  42  3:50  Zergling x2  
  43  4:02  Zergling x2  
  43  4:03  Zergling x8  
  43  4:09  Drone x4  
  51  4:27  Drone x2  
  53  4:32  Spine Crawler  
  53  4:33  Lair  
  52  4:51  Hatchery  
  51  4:55  Drone x2  
  51  4:57  Queen  
  52  5:15  Roach  
  52  5:16  Roach x2  
  52  5:17  Overlord x3  
  58  5:28  Overlord x2  
  58  5:35  Spire  
  58  5:38  Roach x8  
  58  5:39  Roach  
  76  5:57  Extractor, Drone x3  
  77  6:05  Baneling x2  
  77  6:06  Baneling x3  
  77  6:07  Baneling x2  
  77  6:27  Drone x2  
  77  6:28  Drone x2  
  81  6:46  Roach x2  
  81  6:47  Roach x9  
  95  6:59  Roach x2  
  95  7:00  Roach x2  
  99  7:10  Roach x3  
  99  7:11  Roach  
  99  7:12  Overlord x2  
  105  7:20  Extractor  
  105  7:22  Extractor  
  103  7:33  Mutalisk x3  
  103  7:34  Mutalisk  
  105  7:56  Mutalisk x2  
  101  8:10  Mutalisk  
  102  8:12  Zergling x2  
  102  8:13  Zergling x26  
  115  8:26  Mutalisk x2  
  119  8:43  Mutalisk  
  119  8:46  Overlord x3  
  121  8:55  Overlord  
  121  8:56  Overlord x2  
  119  9:13  Zergling x2  
  119  9:14  Zergling x14  
Tags
 
Add a new tag
Caveats
  • Supply blocks, unpowered buildings, or Contaminate may cause inaccurate times.
  • Supply counts are checked every 10 seconds.